 Dungeon Crawl Stone Soup version 0.27.1-1-g398f81649c (webtiles) character file.

Game seed: 3086487223517379297

910 H0rd4k the Insei (level 8, -1/49 HPs)
             Began as an Octopode Transmuter on Sept 9, 2021.
             Was an Initiate of Gozag.
             Slain by a two-headed ogre (19 damage)
             ... on level 6 of the Dungeon.
             The game lasted 00:08:26 (7377 turns).

H0rd4k the Insei (Octopode Transmuter)              Turns: 7377, Time: 00:08:28

Health: -1/49      AC:  2    Str: 10    XL:     8   Next: 8%
Magic:  10/13      EV: 20    Int: 23    God:    Gozag
Gold:   328        SH:  0    Dex: 17    Spells: 6/14 levels left

rFire    + . .     SeeInvis .     - Unarmed
rCold    x . .     Faith    .   (shield currently unavailable)
rNeg     . . .     Spirit   .   (helmet currently unavailable)
rPois    x         Reflect  .   (no amulet)
rElec    .         Harm     .   f - +6 ring of intelligence
rCorr    .         Rampage  .   r - ring of fire
Will     .....                  s - ring of wizardry
Stlth    ++........             (no ring)
HPRegen  0.16/turn              (no ring)
MPRegen  0.13/turn              (no ring)
                                (no ring)
                                (no ring)

@: spider-form
A: venomous fangs, almost no armour, (amphibious), 8 rings, tiny, (camouflage
1), (gelatinous body 1), (nimble swimmer 1), (tentacles)
a: End Transformation, Renounce Religion, Potion Petition, Call Merchant, Bribe
Branch


You were on level 6 of the Dungeon.
You worshipped Gozag.
Gozag was aware of your devotion.
You were a venomous arachnid creature.
You visited 1 branch of the dungeon, and saw 6 of its levels.

You collected 382 gold pieces.
You paid 54 gold pieces to Gozag.

Inventory:

Jewellery
 f - a +6 ring of intelligence (left front leg)
 r - a ring of fire (right front leg)
 s - a ring of wizardry (on tentacle)
Wands
 e - a wand of flame (32)
 n - a wand of mindburst (9)
 p - a wand of digging (6)
Scrolls
 a - 4 scrolls of identify {unknown}
 d - 4 scrolls of teleportation {unknown}
 i - 3 scrolls of vulnerability {unknown}
 o - a scroll of magic mapping {unknown}
 q - a scroll of noise {unknown}
Potions
 b - 2 potions of magic {unknown}
 c - 2 potions of might {unknown}
 g - 2 potions of curing {unknown}
 h - 2 potions of attraction {unknown}
 j - 2 potions of lignification {unknown}
 k - 3 potions of flight {unknown}
 l - a potion of haste {unknown}
 m - a potion of heal wounds
 t - a potion of brilliance {unknown}
 u - a potion of ambrosia


   Skills:
 + Level 1.7 Fighting
 + Level 3.4 Dodging
 + Level 6.0 Unarmed Combat
 + Level 3.7 Spellcasting
 + Level 3.6 Transmutations
 * Level 2.9 Ice Magic
 + Level 3.0 Poison Magic


You had 6 spell levels left.
You knew the following spells:

 Your Spells              Type           Power      Damage    Failure   Level
a - Beastly Appendage     Tmut           42%        N/A       4%          1
b - Spider Form           Tmut/Pois      9%         N/A       9%          3
c - Ice Form              Ice/Tmut       19%        N/A       22%         4

Your spell library contained the following spells:

 Spells                   Type           Power      Damage    Failure   Level
 Wereblood                Tmut           21%        N/A       4%          2
 Summon Small Mammal      Summ           16%        N/A       11%         1
 Call Canine Familiar     Summ           4%         N/A       26%         3
 Gell's Gravitas          Tloc           2%         N/A       26%         3
 Lesser Beckoning         Tloc           2%         N/A       26%         3
 Summon Guardian Golem    Hex/Summ       4%         N/A       26%         3
 Teleport Other           Tloc           4%         N/A       26%         3


Dungeon Overview and Level Annotations

Branches:
Dungeon (6/15)             Temple (0/1) D:5

Altars:
Ashenzari
Dithmenos
Gozag
Ru
Vehumet
Zin

Shops:
D:5 *!

Annotations:
D:1 exclusion: downstairs
D:3 2 runed translucent doors, exclusion: 2 doors
D:5 2 transporters, exclusion: downstairs, Jabberih's ghost, novice OpTm
D:6 Dowan; Duvessa


Innate Abilities, Weirdness & Mutations

You are a venomous arachnid creature.
You have poisonous fangs.
You are tiny and dextrous.
Your spellcasting is less reliable in this form.
Your armour is entirely melded.
You are incapable of wielding weapons or throwing items.
You cannot wear most types of armour.
((You are amphibious.))
You can wear up to eight rings at the same time.
((Your skin changes colour to match your surroundings (Stealth+).))
((Your rubbery body absorbs attacks. (AC +1, EV +1)))
((You are camouflaged near water. (Stealth+)))
((You have tentacles for arms and can constrict up to eight enemies at once.))


Message History

The ufetubus is moderately wounded.
The ufetubus closely misses you. The ufetubus hits you.
The ufetubus hits you but does no damage.
The ufetubus hits you.
You closely miss the ufetubus. You grab the ufetubus.
The ufetubus is moderately wounded.
You constrict the ufetubus. The ufetubus hits you.
The ufetubus closely misses you.
You tentacle-slap the ufetubus.
You squeeze the ufetubus, but do no damage.
The ufetubus is severely wounded.
You constrict the ufetubus.
You kill the ufetubus!
Your Poison Magic skill increases to level 3!
You now have 328 gold pieces (gained 6).
There is a stone staircase leading up here.
Partly explored, unvisited transporter.
Partly explored, unvisited transporter.
(D) Dungeon (T) Temple
Where to? (Enter - D:6, ? - help)
There is a stone staircase leading down here.
You climb downwards.
Level annotation: Dowan; Duvessa
Found 22 bolts and a morningstar.
There is a stone staircase leading up here.
A two-headed ogre comes into view.
It is wielding a +0 giant club and a +0 giant spiked club.
You see here a +0 morningstar.
A two-headed ogre is nearby!
Casting: Spider Form (dangerous; 3% risk of failure)
Confirm with . or Enter, or press ? or * to list all spells.
You turn into a venomous arachnid creature.
Found a sedimented red potion.
You barely miss the two-headed ogre. You hit the two-headed ogre.
The two-headed ogre is poisoned.
The two-headed ogre is lightly wounded.
The two-headed ogre hits you with a +0 giant club!!
Ouch! That really hurt!
The two-headed ogre hits you with a +0 giant spiked club!!
You die...
Your body crumbles into a pile of gold.

!## #.# ...
#.# ..# #.#
###O###
#..s..#
#.....#
#..)..#
#.....#
#.....#######
######.<.(..#
#.####.# #.#
#.#


You could see a two-headed ogre (very poisoned).

Vanquished Creatures
  Maggie (D:6)
  A black bear (D:5)
  A scorpion (D:5)
  A howler monkey (D:5)
  2 hounds
  A bullfrog skeleton (D:3)
  Ijyb (D:4)
  2 orc wizards
  A howler monkey skeleton (D:5)
  6 gnolls
  8 adders
  An ufetubus (D:5)
  3 worms
  6 dart slugs
  19 orcs
  3 bats
  7 endoplasms
  4 giant cockroaches
  8 goblins
  4 hobgoblins
  3 kobolds
  3 quokkas
  6 ball pythons
  2 frilled lizards
  7 rats
101 creatures vanquished.

Vanquished Creatures (others)
  17 fungi (D:3)
17 creatures vanquished.

Grand Total: 118 creatures vanquished

Notes
Turn   | Place    | Note
-------+----------+-------------------------------------------
     0 | D:1      | H0rd4k the Octopode Transmuter began the quest for the Orb.
     0 | D:1      | Reached XP level 1. HP: 13/13 MP: 3/3
   334 | D:1      | Reached XP level 2. HP: 18/18 MP: 3/5
  1037 | D:1      | Reached XP level 3. HP: 22/23 MP: 4/6
  1622 | D:1      | Found a faded altar of an unknown god.
  1679 | D:2      | Learned a level 3 spell: Spider Form
  2267 | D:2      | Reached XP level 4. HP: 10/28 MP: 5/8
  3011 | D:2      | Reached skill level 1 in Poison Magic
  3290 | D:2      | Reached skill level 4 in Unarmed Combat
  3290 | D:2      | Reached XP level 5. HP: 22/33 MP: 6/9
  3495 | D:2      | Learned a level 4 spell: Ice Form
  4068 | D:3      | Found a sacrificial altar of Ru.
  4136 | D:3      | Found a radiant altar of Vehumet.
  4335 | D:3      | Found a shadowy altar of Dithmenos.
  4456 | D:3      | Found a large runed translucent door.
  4457 | D:3      | Found a large runed translucent door.
  4633 | D:3      | HP: 1/34 [orc (3)]
  4978 | D:4      | Noticed Ijyb
  4987 | D:4      | Killed Ijyb
  4988 | D:4      | Reached skill level 1 in Ice Magic
  4988 | D:4      | Reached XP level 6. HP: 22/39 MP: 4/10
  5115 | D:4      | Found an opulent altar of Gozag.
  5124 | D:4      | Found a broken altar of Ashenzari.
  5149 | D:4      | Became a worshipper of Gozag Ym Sagoz the Greedy
  5830 | D:4      | Reached skill level 5 in Unarmed Combat
  6051 | D:4      | Found a glowing silver altar of Zin.
  6259 | D:5      | Entered Level 5 of the Dungeon
  6320 | D:5      | Found a staircase to the Ecumenical Temple.
  6501 | D:5      | Noticed a black bear
  6513 | D:5      | Killed a black bear
  6514 | D:5      | Reached XP level 7. HP: 41/44 MP: 8/11
  6551 | D:5      | Found Vaanoupi's General Store.
  6691 | D:5      | Found Odonau's Distillery.
  6761 | D:5      | Found a transporter.
  6764 | D:5      | Found a transporter.
  6775 | D:5      | Noticed Jabberih's ghost (novice OpTm)
  7124 | D:6      | Noticed Maggie
  7143 | D:6      | Killed Maggie
  7144 | D:6      | Reached skill level 6 in Unarmed Combat
  7144 | D:6      | Reached XP level 8. HP: 32/49 MP: 11/13
  7160 | D:6      | Noticed Dowan
  7164 | D:6      | Noticed Duvessa
  7372 | D:6      | Noticed a two-headed ogre
  7377 | D:6      | Slain by a two-headed ogre

Illustrated notes

Levels and vault maps discovered:
D:1:      dpeg_arrival_circle_labyrinth_b, layout_loops_ring,
          shapermc_ecumenical_altar_mp_urbaneastern, minmay_misc_feat_alley,
          kennysheep_minor_cross, minmay_misc_feat_doors
D:2:      minmay_recursive_quarters, layout_rooms, grunt_ministairs_13
D:3:      layout_loops_ring, mainiacjoe_overflow_boulevard,
          jmf_multi_god_temple2, mainiacjoe_overflow_chevrons,
          nicolae_overflow_hidden_temple
D:4:      layout_loops_cross, zin_academy, mainiacjoe_overflow_catwalk_spiral,
          uniq_ijyb
D:5:      layout_loops_cross, temple_pool_b, serial_shops, shop, shop,
          gammafunk_ghost_hive, grunt_decor_junction
D:6:      layout_loops_cross, uniq_maggie, uniq_duvessa

Skill      XL: |  1  2  3  4  5  6  7  8 |
---------------+-------------------------+-----
Poison Magic   | 1 2 3 |  3.0
Unarmed Combat | 4 5 6 |  6.0
Spellcasting   | 3 |  3.7
Ice Magic      | 1 2 |  2.9
Dodging        | 3 |  3.4
Transmutations | 3 |  3.6
Fighting       | |  1.7

Action                   |  1- 3 |  4- 6 |  7- 9 || total
-------------------------+-------+-------+-------++-------
Melee: Unarmed           |    90 |   171 |    39 ||   300
       Constrict         |    17 |    21 |     2 ||    40
       Tentacles         |    17 |    12 |     1 ||    30
       Kick              |     2 |       |       ||     2
       Punch             |     1 |     2 |       ||     3
 Cast: Beastly Appendage |     1 |       |       ||     1
       Spider Form       |     1 |    21 |     7 ||    29
 Stab: Sleeping          |     6 |     6 |     2 ||    14
       Distracted        |       |     1 |       ||     1
Armor: Skin              |     7 |     6 |     2 ||    15
Dodge: Dodged            |    43 |   144 |    25 ||   212
